 Dungeon Crawl Stone Soup version 0.27-a0-1136-g0b992a5a9d (webtiles) character file.

Game seed: 1239762686498000650

64 1player the Chiller (level 4, -1/33 HPs)
             Began as a Ghoul Ice Elementalist on May 4, 2021.
             Slain by a phantom (8 damage)
             ... on level 4 of the Dungeon.
             The game lasted 00:05:31 (2408 turns).

1player the Chiller (Ghoul Ice Elementalist)        Turns: 2408, Time: 00:05:31

Health: -1/33      AC:  5    Str: 11    XL:     4   Next: 12%
Magic:  2/5        EV: 11    Int: 11    God:
Gold:   63         SH:  0    Dex:  9    Spells: 2/6 levels left

rFire    . . .     SeeInvis .     - Unarmed
rCold    + . .     Faith    .   (no shield)
rNeg     + + +     Spirit   .   b - +2 leather armour
rPois    ∞         Reflect  .   (no helmet)
rElec    .         Harm     .   (no cloak)
rCorr    .         Rampage  .   (no gloves)
Will     .....                  (no boots)
Stlth    +.........             i - amulet of magic regeneration
HPRegen  0.00/turn              (no ring)
MPRegen  0.34/turn              (no ring)

@: no status effects
A: claws 1, cold resistance 1, negative energy resistance 3, inhibited
regeneration, torment resistance 2, unbreathing 1
a: no special abilities


You were on level 4 of the Dungeon.
You visited 1 branch of the dungeon, and saw 4 of its levels.

You collected 63 gold pieces.

Inventory:

Missiles
 d - 10 poisoned darts
Armour
 b - a +2 leather armour (worn)
Jewellery
 i - an amulet of magic regeneration (around neck)
Wands
 g - a wand of acid (10)
Scrolls
 f - a scroll of identify {unknown}
 h - a scroll of teleportation {unknown}


   Skills:
 - Level 1.7 Dodging
 - Level 2.1 Stealth
 + Level 2.4 Unarmed Combat
 - Level 1.7 Spellcasting
 * Level 5.4 Ice Magic


You had 2 spell levels left.
You knew the following spells:

 Your Spells              Type           Power      Damage    Failure   Level
q - Freeze                Ice            48%        1d7       4%          1
z - Frozen Ramparts       Ice            24%        1d4       13%         3

Your spell library contained the following spells:

 Spells                   Type           Power      Damage    Failure   Level
 Ozocubu's Armour         Ice            12%        N/A       13%         3
 Hailstorm                Conj/Ice       6%         3d4       78%         4
 Metabolic Englaciation   Hex/Ice        3%         N/A       98%         5


Dungeon Overview and Level Annotations

Branches:
Dungeon (4/15)
 Temple: D:4-7

Altars:


Innate Abilities, Weirdness & Mutations

You thrive by killing the living.
You are immune to poison.
You have sharp fingernails.
Your flesh is cold resistant. (rC+)
You are immune to negative energy. (rN+++)
You do not regenerate when monsters are visible.
You are immune to unholy pain and torment.
You can survive without breathing.


Message History

The wall freezes the phantom but does no damage.
The phantom closely misses you.
You closely miss the phantom.
The phantom is moderately damaged.
The frozen ramparts melt away.
The phantom hits you!
The phantom blinks!
You blink.
Casting: Freeze (safe; 4% risk of failure)
Confirm with . or Enter, or press ? or * to list all spells.
Aiming: Freeze (safe; 4% risk of failure)
Press: ? - help, Shift-Dir - straight line, f/p - phantom
Aim: a phantom (moderately damaged)
You freeze the phantom but do no damage.
The phantom completely resists.
The phantom completely misses you.
Casting: Freeze (safe; 4% risk of failure)
Confirm with . or Enter, or press ? or * to list all spells.
Aiming: Freeze (safe; 4% risk of failure)
Press: ? - help, Shift-Dir - straight line, f/p - phantom
Aim: a phantom (moderately damaged)
You freeze the phantom.
The phantom resists.
The phantom is moderately damaged.
The phantom hits you but does no damage.
Casting: Freeze (safe; 4% risk of failure)
Confirm with . or Enter, or press ? or * to list all spells.
Aiming: Freeze (safe; 4% risk of failure)
Press: ? - help, Shift-Dir - straight line, f/p - phantom
Aim: a phantom (moderately damaged)
You freeze the phantom.
The phantom resists.
The phantom is heavily damaged.
The phantom closely misses you.
Casting: Freeze (safe; 4% risk of failure)
Confirm with . or Enter, or press ? or * to list all spells.
You don't have enough magic to cast this spell.
You scratch the phantom but do no damage.
The phantom is heavily damaged.
The phantom hits you.
* * * LOW HITPOINT WARNING * * *
You miss the phantom.
The phantom is heavily damaged.
The phantom hits you!
You die...

#.# #..#.##.#.#.....##.# #.#
#..#.##.#.#.....##.# #.#
#.......#.#.....##.# #.#
#..######.#.....##.# #.#
#........g########.# #.#
#.##.......W.†.......# #.#
#..........K<#............
#.#
################.###########
#.# #..........@W.†.)# #.#
#.################ #.# #.#
#.####.# #......# ######.#
###


You could see a phantom.

Vanquished Creatures
  An adder (D:4)
  A worm (D:2)
  2 dart slugs (D:1)
  6 bats (D:1)
  3 endoplasms (D:1)
  4 giant cockroaches
  A goblin (D:4)
  7 hobgoblins
  3 quokkas
  4 ball pythons
  3 frilled lizards (D:1)
  5 kobolds
  5 rats
45 creatures vanquished.

Notes
Turn   | Place    | Note
-------+----------+-------------------------------------------
     0 | D:1      | 1player the Ghoul Ice Elementalist began the quest for the
                  | Orb.
     0 | D:1      | Reached XP level 1. HP: 14/14 MP: 2/2
   271 | D:1      | Reached skill level 1 in Unarmed Combat
   298 | D:1      | Reached XP level 2. HP: 20/20 MP: 1/3
   695 | D:1      | Found a faded altar of an unknown god.
   937 | D:1      | Reached XP level 3. HP: 19/26 MP: 0/4
  1024 | D:1      | Reached skill level 5 in Ice Magic
  2135 | D:2      | Learned a level 3 spell: Frozen Ramparts
  2184 | D:2      | You fall into a shaft and drop 2 floors!
  2214 | D:4      | Noticed a bullfrog
  2380 | D:4      | Noticed a phantom
  2398 | D:4      | Reached XP level 4. HP: 17/33 MP: 2/5
  2408 | D:4      | Slain by a phantom

Illustrated notes

Levels and vault maps discovered:
D:1:      amcnicky_arrival_wind_blow, layout_basic,
          shapermc_ecumenical_altar_mp_urbaneastern, hangedman_glass_teeth
D:2:      layout_loops_ring, uniq_robin
D:3:      layout_rooms, marbit_many_paths, gup_sewer_entry_spiral,
          minmay_parallelograms
D:4:      layout_basic, nicolae_vehumet_radiance,
          hangedman_abyss_or_decor_jellyfish_corner, uniq_sigmund

Skill      XL: |  1  2  3 |
---------------+----------+-----
Unarmed Combat | 1 2 |  2.4
Ice Magic      | 5 |  5.4
Dodging        | |  1.7
Stealth        | |  2.1
Spellcasting   | |  1.7

Action                   |  1- 3 |  4- 6 || total
-------------------------+-------+-------++-------
Melee: Unarmed           |    42 |     6 ||    48
       Punch             |     1 |       ||     1
 Cast: Freeze            |    54 |     4 ||    58
       Frozen Ramparts   |     1 |       ||     1
  Use: Scroll            |     2 |       ||     2
       Potion            |     1 |       ||     1
Armor: Robe              |     2 |       ||     2
       Leather armour    |    33 |     1 ||    34
Dodge: Dodged            |    60 |     5 ||    65

Table legend: (Time is in decaauts)
 A = Elapsed time spent in this place.
 B = Non-inter-level travel time spent in this place.
 C = Inter-level travel time spent in this place.
 D = Time resting spent in this place.
 E = Time spent auto-exploring this place.
 F = Levels seen in this place.
 G = Mean time per level.
                   A        B        C        D        E       F      G
               +--------+--------+--------+--------+--------+-----+--------+
         Total |   2408 |   2238 |    170 |    750 |    850 |   4 |  602.0 |
       Dungeon |   2408 |   2238 |    170 |    750 |    850 |   4 |  602.0 |
               +--------+--------+--------+--------+--------+-----+--------+

Top non-repeatable levels by time:
     D:1: 1613 daAuts
     D:2: 569 daAuts
     D:4: 216 daAuts
     D:3: 8 daAuts
